 Dungeon Crawl Stone Soup version 5.1-80-g04056d8 (webtiles) character file.

168 tatters the Magician (level 6, -1/32 HPs)
             Began as a Deep Elf Wanderer on Nov 9, 2017.
             Slain by an elf zombie (5 damage)
             ... in an ossuary.
             The game lasted 00:11:53 (4858 turns).

tatters the Magician (Deep Elf Wanderer)            Turns: 4858, Time: 00:11:53

Health: -1/32      AC:  4 (0%)Str:  6   XL:     6   Next: 69%
Magic:  12/18      EV: 14    Int: 18    God:
Gold:   245        SH:  0    Dex: 18    Spells: 9/20 levels left

rFire    . . .     SeeInvis .   e - +0 dagger
rCold    . . .     Faith    .   (no shield)
rNeg     . . .     Spirit   .   d - +0 robe
rPois    .         Reflect  .   g - +0 helmet
rElec    .                      (no cloak)
rCorr    .                      (no gloves)
MR       +....                  n - +0 pair of boots
Stlth    +++.......             (no amulet)
Regen    0.1/turn               k - ring of wizardry
MPRegen  0.3/turn               m - ring of protection from magic

@: no status effects
A: no striking features
a: no special abilities


You were in an ossuary.
You were not hungry.

You visited 1 branch of the dungeon, and saw 4 of its levels.
You also visited: Ossuary.

You collected 245 gold pieces.

Inventory:

Hand Weapons
 e - a +0 dagger (weapon)
Missiles
 h - 523 stones (quivered)
 j - 276 arrows
Armour
 d - a +0 robe (worn)
 g - a +0 helmet (worn)
 n - a +0 pair of boots (worn)
 o - a +0 buckler
Jewellery
 k - a ring of wizardry (left hand)
 m - a ring of protection from magic (right hand)
 p - an uncursed ring of protection from magic
Scrolls
 f - 3 scrolls of blinking
 l - 2 scrolls of teleportation
Potions
 a - a potion of flight
 b - 2 potions of curing
 c - a potion of magic
 i - 3 potions of heal wounds
 q - 2 potions of haste
 r - 2 potions of augmentation


   Skills:
 - Level 1.0 Throwing
 * Level 3.8 Dodging
 + Level 4.3 Stealth
 - Level 1.0 Shields
 + Level 7.7 Spellcasting
 * Level 3.9 Hexes
 * Level 2.9 Summonings
 - Level 1.1 Fire Magic
 - Level 2.1 Ice Magic


You had 9 spell levels left.
You knew the following spells:

 Your Spells              Type           Power        Failure   Level  Hunger
a - Ensorcelled Hibernat  Hex/Ice        17 (50)      1%          2    N/A
b - Call Canine Familiar  Summ           17 (100)     3%          3    N/A
c - Confuse               Hex            21 (100)     2%          3    N/A
d - Dazzling Spray        Hex/Fire       16 (50)      4%          3    N/A

Dungeon Overview and Level Annotations

Branches:
Dungeon (4/15)

Altars:
Dithmenos
Elyvilon
Gozag
Jiyva
Trog
Zin
The Shining One


Message History

Your hound barely misses the elf zombie.
You closely miss the elf zombie.
The elf zombie is heavily damaged.
Your hound barely misses the elf zombie.
The elf zombie misses you.
Your hound bites the elf zombie (2).
You hit the elf zombie (3).
The elf zombie is heavily damaged.
Your hound closely misses the elf zombie.
The elf zombie hits you (3).
You hit the elf zombie (1).
The elf zombie is heavily damaged.
Your hound barely misses the elf zombie.
The elf zombie hits you (6).
* * * LOW HITPOINT WARNING * * *
Your hound bites the elf zombie (3).
You strike the helpless elf zombie from behind!
You puncture the elf zombie (12)!
The elf zombie is severely damaged.
Your hound bites the elf zombie (3).
The elf zombie hits you (5).
You die...

##################
..∩...........#h@#
.....ZM......^#.Z#
#####........^##'#
..............^.^#
.................#
..........##.....#
..........##.....#
.................#
.................#


You could see an elf zombie and a friendly hound.

Vanquished Creatures
  A scorpion (D:3)
  An orc priest (D:3)
  5 worker ants (D:3)
  A mummy (Ossuary)
  2 adders (D:2)
  3 dart slugs
  3 orcs (D:3)
  5 quokkas
  3 giant cockroaches
  3 goblins
  6 hobgoblins
  4 jackals (D:4)
  A ball python (D:2)
  4 bats
  3 frilled lizards
  A jackal zombie (Ossuary)
  6 kobolds
  5 rats
57 creatures vanquished.

Vanquished Creatures (collateral kills)
  An elf zombie (Ossuary)
  A worker ant (D:3)
  3 hound zombies (Ossuary)
  A mummy (Ossuary)
  An ooze (D:3)
  An orc (D:3)
  A gnoll zombie (Ossuary)
  A goblin zombie (Ossuary)
  A rat (D:3)
  2 rat zombies (Ossuary)
13 creatures vanquished.

Vanquished Creatures (others)
  A jackal zombie (Ossuary)
1 creature vanquished.

Grand Total: 71 creatures vanquished

Notes
Turn   | Place    | Note
-------+----------+-------------------------------------------
     0 | D:1      | tatters the Deep Elf Wanderer began the quest for the Orb.
     0 | D:1      | tatters set off with: a potion of lignification, a +0 robe, a +0 dagger
     0 | D:1      | Reached XP level 1. HP: 10/10 MP: 10/10
   294 | D:1      | Reached skill level 1 in Ice Magic
   790 | D:1      | Reached skill level 1 in Stealth
   996 | D:1      | Reached XP level 2. HP: 11/15 MP: 12/12
  1000 | D:1      | Learned a level 2 spell: Ensorcelled Hibernation
  1712 | D:2      | Found a white marble altar of Elyvilon.
  1778 | D:2      | Found a shadowy altar of Dithmenos.
  1887 | D:2      | Reached XP level 3. HP: 19/19 MP: 8/13
  1937 | D:2      | Learned a level 3 spell: Call Canine Familiar
  2049 | D:2      | Found an opulent altar of Gozag.
  2122 | D:2      | Found a viscous altar of Jiyva.
  2168 | D:2      | Found a bloodstained altar of Trog.
  2391 | D:2      | Found a glowing silver altar of Zin.
  2449 | D:3      | Found a glowing golden altar of the Shining One.
  2729 | D:3      | Learned a level 3 spell: Confuse
  2738 | D:3      | Reached skill level 1 in Dodging
  2738 | D:3      | Reached XP level 4. HP: 9/24 MP: 10/15
  3558 | D:3      | Reached XP level 5. HP: 20/28 MP: 10/17
  4114 | D:3      | Found a faded altar of an unknown god.
  4138 | D:3      | Reached XP level 6. HP: 14/32 MP: 11/18
  4718 | D:4      | Found a sand-covered staircase.
  4748 | Ossuary  | Entered an ossuary
  4828 | Ossuary  | Learned a level 3 spell: Dazzling Spray
  4858 | Ossuary  | Slain by an elf zombie

Skill      XL: |  1  2  3  4  5  6 |
---------------+-------------------+-----
Ice Magic      | 1 2 |  2.1
Stealth        | 1 3 4 |  4.3
Hexes          | 2 3 |  3.9
Dodging        | 1 2 3 |  3.8
Summonings     | 2 |  2.9
Throwing       | |  1.0
Shields        | |  1.0
Spellcasting   | |  7.7
Fire Magic     | |  1.1

Action                   |  1- 3 |  4- 6 || total
-------------------------+-------+-------++-------
Melee: Dagger            |   142 |   107 ||   249
       Unarmed           |     3 |       ||     3
 Cast: Ensorcelled Hiber |    28 |    15 ||    43
       Call Canine Famil |       |    13 ||    13
       Confuse           |       |     3 ||     3
       Dazzling Spray    |       |     2 ||     2
  Use: Potion            |     1 |     1 ||     2
       Scroll            |     1 |     1 ||     2
 Stab: Sleeping          |    25 |    20 ||    45
       Distracted        |       |     2 ||     2
       Confused          |       |     1 ||     1
Armor: Robe              |    63 |    22 ||    85
       Skin              |     4 |       ||     4
Dodge: Dodged            |    74 |    82 ||   156
